 Dungeon Crawl Stone Soup version 0.21.0-3-g78d12a8 (webtiles) character file.

153 Draznyth the Chopper (level 5, 0/49 HPs)
             Began as a Deep Dwarf Berserker on Jan 11, 2018.
             Was a Priest of Trog.
             Slain by a gnoll
             ... wielding a +0 halberd
              (13 damage)
             ... on level 3 of the Dungeon.
             The game lasted 00:08:55 (1543 turns).

Draznyth the Chopper (Deep Dwarf Berserker)         Turns: 1543, Time: 00:08:56

Health: 0/49       AC:  2    Str: 21    XL:     5   Next: 12%
Magic:  3/3        EV:  7    Int:  8    God:    Trog [***...]
Gold:   52         SH:  0    Dex: 12    Spells: 4/4 levels left

rFire    . . .     SeeInvis .   a - +0 hand axe
rCold    . . .     Gourm    .   (no shield)
rNeg     . . .     Faith    .   b - +0 animal skin
rPois    .         Spirit   .   (no helmet)
rElec    .         Reflect  .   (no cloak)
rCorr    .         Harm     .   (no gloves)
MR       ++...                  (no boots)
Stlth    ++........             (no amulet)
HPRegen  1.00/turn              (no ring)
MPRegen  0.08/turn              (no ring)

@: about to teleport, berserk cooldown, held, non-regenerating, slowed, very
slow
A: damage resistance, heal wounds, sense surroundings 1, no regeneration
a: Heal Wounds, Berserk, Trog's Hand, Burn Spellbooks, Renounce Religion


You were on level 3 of the Dungeon.
You worshipped Trog.
Trog was most pleased with you.
You were very hungry.

You visited 1 branch of the dungeon, and saw 3 of its levels.

You collected 52 gold pieces.

Inventory:

Hand Weapons
 a - a +0 hand axe (weapon)
Missiles
 g - 36 arrows
 m - 23 bolts
Armour
 b - a +0 animal skin (worn)
 k - a +0 pair of gloves
 n - a +0 pair of gloves
 o - a +0 helmet
Jewellery
 l - an uncursed ring of poison resistance {unknown}
 p - an uncursed ring of poison resistance {unknown}
Scrolls
 h - a scroll of blinking {unknown}
 j - a scroll of amnesia {unknown}
 q - a scroll of noise {unknown}
Potions
 e - a potion of resistance {unknown}
 f - a potion of magic {unknown}
 i - a potion of curing {unknown}
 r - a potion of ambrosia {unknown}
 t - a potion of might {unknown}
Comestibles
 c - 9 rations
 s - a chunk of flesh


   Skills:
 + Level 3.4 Fighting
 + Level 4.8 Axes
 + Level 2.3 Armour
 + Level 3.5 Dodging
 + Level 1.5 Stealth


You had 4 spell levels left.
You didn't know any spells.

Dungeon Overview and Level Annotations

Branches:
Dungeon (3/15)

Altars:
Trog

Annotations:
D:2 Sigmund


Innate Abilities, Weirdness & Mutations

You are resistant to damage.
You can heal yourself by infusing magical energy.
You passively map a small area around you.
You do not regenerate.


Message History

You struggle against the net.
The hungry ghost hits you.
You are near starving!
The gnoll barely misses you. The hungry ghost hits you.
You feel somewhat more hungry.
Okay, then.
Eat one of 2 chunks of flesh? (ye/n/q)
You eat one of the 2 chunks of flesh.
This raw flesh tastes terrible.
You are feeling very hungry.
The gnoll hits you with a whip.
The gnoll hits you from afar with a halberd!
The hungry ghost barely misses you. The gnoll hits you with a whip.
* * * LOW HITPOINT WARNING * * *
Okay, then.
Unknown command.
Okay, then.
Okay, then.
As you read the scroll labeled RODGHY SYNELA, it crumbles to dust.
You feel strangely unstable.
It was a scroll of teleportation.
The gnoll hits you from afar with a halberd!
You die...

* ########........#
#............####.#
#..#########.# * *
* #..# #.# *, #..#
#.# *#,#..# #.# , *
#.#..# #.# *
#.#..#########.#
#...@(.........# ,
###gW###########
#.g....<.., ,
#.######## * ####.#
*, , #.)..# * ###
#g#### ... #.* ,##
* #g *


You could see a hungry ghost and 2 gnolls.

Vanquished Creatures
  Robin (D:2)
  2 gnolls (D:3)
  3 adders (D:3)
  2 oozes (D:1)
  A dart slug (D:1)
  6 leopard geckos
  5 bats
  A giant cockroach (D:1)
  14 goblins
  8 hobgoblins
  10 jackals
  10 kobolds
  5 frilled lizards
  8 rats
76 creatures vanquished.

Notes
Turn   | Place    | Note
-------+----------+-------------------------------------------
     0 | D:1      | Draznyth the Deep Dwarf Berserker began the quest for the Orb.
     0 | D:1      | Reached XP level 1. HP: 20/20 MP: 1/1
    55 | D:1      | Reached XP level 2. HP: 21/27 MP: 2/2
    99 | D:1      | Reached skill level 4 in Axes
   171 | D:1      | Reached XP level 3. HP: 29/34 MP: 2/2
   247 | D:1      | Reached ** piety under Trog
   639 | D:2      | Noticed Robin
   712 | D:2      | Noticed Sigmund
   779 | D:2      | Reached XP level 4. HP: 42/42 MP: 3/3
  1030 | D:2      | Killed Robin
  1030 | D:2      | Reached skill level 1 in Stealth
  1220 | D:3      | Found a bloodstained altar of Trog.
  1228 | D:3      | Reached *** piety under Trog
  1520 | D:3      | Reached XP level 5. HP: 24/49 MP: 4/4
  1522 | D:3      | Noticed a hungry ghost
  1543 | D:3      | Slain by a gnoll

Skill      XL: |  1  2  3  4 |
---------------+-------------+-----
Axes           | 4 |  4.8
Fighting       | 3 |  3.4
Dodging        | 3 |  3.5
Stealth        | 1 |  1.5
Armour         | |  2.3

Action                   |  1- 3 |  4- 6 || total
-------------------------+-------+-------++-------
Melee: Hand axe          |   136 |    84 ||   220
Invok: Berserk           |     1 |     2 ||     3
       Trog's Hand       |       |     1 ||     1
 Abil: Heal Wounds       |     3 |     2 ||     5
  Use: Scroll            |       |     1 ||     1
 Stab: Sleeping          |     1 |       ||     1
  Eat: Chunk             |     1 |     4 ||     5
Armor: Animal skin       |    24 |    21 ||    45
Dodge: Dodged            |   105 |    90 ||   195
